 Dungeon Crawl Stone Soup version 0.23.1 (webtiles) character file.

Game seed: 772506827084055289

707 nganga the Stinger (level 7, -3/57 HPs)
             Began as a Naga Venom Mage on Mar 11, 2019.
             Was a Follower of Okawaru.
             Slain by a gnoll
             ... wielding a +0 whip
              (8 damage)
             ... on level 6 of the Dungeon.
             The game lasted 01:00:55 (5378 turns).

nganga the Stinger (Naga Venom Mage)                Turns: 5378, Time: 01:00:55

Health: -3/57      AC:  4    Str: 11    XL:     7   Next: 67%
Magic:  9/21       EV: 10    Int: 17    God:    Okawaru [*.....]
Gold:   140        SH:  0    Dex: 13    Spells: 3/13 levels left

rFire    . . .     SeeInvis +   j - +0 short sword
rCold    . . .     Gourm    .   (no shield)
rNeg     . . .     Faith    .   N - +0 robe
rPois    +         Spirit   .   (no helmet)
rElec    .         Reflect  .   (no cloak)
rCorr    .         Harm     .   y - +0 pair of gloves
MR       .....                  (no barding)
Stlth    +++.......             (no amulet)
HPRegen  0.19/turn              d - +2 ring of dexterity
MPRegen  0.17/turn              K - ring of magical power

@: very slightly contaminated, very slow
A: large, see invisible, deformed body, poison resistance, slowness 2, slow
metabolism 1, spit poison 1, AC +2
a: Spit Poison, Heroism, Renounce Religion


You were on level 6 of the Dungeon.
You worshipped Okawaru.
Okawaru was aware of your devotion.
You were not hungry.

You visited 1 branch of the dungeon, and saw 6 of its levels.

You collected 266 gold pieces.
You spent 126 gold pieces at shops.

Inventory:

Hand Weapons
 g - a +0 dagger
 h - a +0 club
 j - a +0 short sword (weapon)
 m - a +0 dagger
 r - a +0 rapier
 s - a +0 club
 z - a +0 club
 B - a +0 short sword
 E - a +0 blowgun
 F - a +0 short sword
 I - a +0 quarterstaff
 M - a +0 dagger
Missiles
 b - 30 arrows
 l - 60 sling bullets
 C - 10 poisoned needles
 J - 22 bolts
Armour
 a - a +0 robe
 f - a +0 robe
 o - a +0 pair of gloves
 p - a +0 leather armour
 w - a +0 leather armour
 y - a +0 pair of gloves (worn)
 D - a +0 leather armour
 L - a +0 robe
 N - a +0 robe (worn)
Jewellery
 d - a +2 ring of dexterity (left hand)
 v - an uncursed ring of fire
 K - a ring of magical power (right hand)
Wands
 x - a wand of flame (16)
 G - a wand of iceblast (6)
Scrolls
 e - a scroll of noise
 i - 3 scrolls of teleportation
 k - 4 scrolls of identify
 t - 2 scrolls of remove curse
 A - a scroll of magic mapping
 H - 2 scrolls of random uselessness
Potions
 u - a potion of brilliance
Comestibles
 c - 4 rations
 O - 2 chunks of flesh


   Skills:
 - Level 1.0 Fighting
 + Level 1.5 Short Blades
 - Level 1.9 Throwing
 - Level 1.0 Armour
 + Level 2.4 Dodging
 + Level 5.1 Stealth
 + Level 3.9 Spellcasting
 + Level 2.5 Conjurations
 + Level 6.2 Poison Magic
 - Level 1.6 Evocations


You had 3 spell levels left.
You knew the following spells:

 Your Spells              Type           Power        Failure   Level  Hunger
a - Sting                 Conj/Pois      ###.         2%          1    None
b - Poisonous Vapours     Pois/Air       ##....       7%          2    ##.....
c - Olgreb's Toxic Radia  Pois           ###.....     12%         4    ####...
d - Mephitic Cloud        Conj/Pois/Air  ##......     14%         3    ###....

Your spell library contained the following spells:

 Spells                   Type           Power        Failure   Level  Hunger
 Venom Bolt               Conj/Pois      ###.......   56%         5    ######.


Dungeon Overview and Level Annotations

Branches:
Dungeon (6/15)             Temple (0/1) D:5

Altars:
Cheibriados
Gozag
Hepliaklqana
Nemelex Xobeh
Okawaru
Uskayaw
Vehumet
Yredelemnul

Shops:
D:4 !


Innate Abilities, Weirdness & Mutations

You cannot wear boots.
Your serpentine skin is tough. (AC +2)
You have supernaturally acute eyesight. (SInv)
Armour fits poorly on your strangely shaped body.
Your system is resistant to poisons. (rPois)
You cover ground very slowly.
You have a slow metabolism.
You can spit poison.


Message History

Casting: Sting (safe; 2% risk of failure)
Confirm with . or Enter, or press ? or * to list all spells.
Aiming: Sting (safe; 2% risk of failure)
Press: ? - help, Shift-Dir - straight line, f - gnoll
Aim: a gnoll, wielding a +0 whip and wearing a cursed +0 ring mail (moderately wounded, fast)
The sting hits the gnoll.
The gnoll is severely wounded.
The gnoll hits you but does no damage. The gnoll hits you with a +0 whip!
* * * LOW HITPOINT WARNING * * *
The hound barks!
Casting: Sting (safe; 2% risk of failure)
Confirm with . or Enter, or press ? or * to list all spells.
Aiming: Sting (safe; 2% risk of failure)
Press: ? - help, Shift-Dir - straight line, f/p - gnoll
Aim: a gnoll, wielding a +0 whip and wearing a cursed +0 ring mail (severely wounded, fast)
The sting hits the gnoll but does no damage.
The gnoll is poisoned.
The gnoll is severely wounded.
The gnoll hits you with a +0 whip!
You die...

...
#.##...#.. ..
#..#..#...
............
##. .........
........#...
##.#.......#
#......h.#
#...@g#
....##..## .
.....
........
...........
...........#
............
#####.##.....


You could see a hound and a gnoll.

Vanquished Creatures
  Eustachio (D:4)
  5 killer bees (D:5)
  A scorpion (D:4)
  A howler monkey (D:3)
  A gnoll shaman (D:5)
  Natasha (twice) (D:3)
  An iguana (D:4)
  A worker ant (D:4)
  2 gnolls (D:5)
  6 adders
  An ooze (D:4)
  2 adder skeletons
  A worm (D:2)
  A dart slug (D:1)
  A leopard gecko (D:2)
  4 orcs
  A giant cockroach (D:3)
  7 hobgoblins
  6 jackals
  8 kobolds
  2 quokkas
  A ball python skeleton (D:4)
  7 bats
  5 frilled lizards
  4 goblins
  3 rats
75 creatures vanquished.

Notes
Turn   | Place    | Note
-------+----------+-------------------------------------------
     0 | D:1      | nganga the Naga Venom Mage began the quest for the Orb.
     0 | D:1      | Reached XP level 1. HP: 15/15 MP: 3/3
   222 | D:1      | Reached XP level 2. HP: 18/22 MP: 1/5
   821 | D:2      | Found an iron altar of Okawaru.
   931 | D:2      | Became a worshipper of Warmaster Okawaru
  1040 | D:2      | Reached skill level 5 in Poison Magic
  1040 | D:2      | Reached XP level 3. HP: 13/28 MP: 1/6
  1520 | D:3      | Found a faded altar of an unknown god.
  1703 | D:3      | Noticed Natasha
  1713 | D:3      | Killed Natasha
  1713 | D:3      | Reached XP level 4. HP: 25/36 MP: 3/7
  2529 | D:3      | Reached skill level 1 in Throwing
  2787 | D:1      | You fall through a shaft!
  2966 | D:3      | Noticed Natasha
  2972 | D:3      | Killed Natasha
  2972 | D:3      | Reached XP level 5. HP: 40/42 MP: 9/9
  3101 | D:4      | Found a sparkling altar of Nemelex Xobeh.
  3156 | D:4      | Reached skill level 1 in Armour
  3223 | D:4      | Found a radiant altar of Vehumet.
  3569 | D:4      | Found Leqec's Distillery.
  3572 | D:4      | Bought a potion of heal wounds for 70 gold pieces
  3572 | D:4      | Bought a potion of brilliance for 56 gold pieces
  3729 | D:4      | Noticed Eustachio
  3736 | D:4      | Reached XP level 6. HP: 42/50 MP: 10/11
  3766 | D:4      | Killed Eustachio
  3766 | D:4      | Reached * piety under Okawaru
  3766 | D:4      | Reached skill level 1 in Fighting
  4016 | D:4      | Learned a level 2 spell: Poisonous Vapours
  4021 | D:4      | Learned a level 4 spell: Olgreb's Toxic Radiance
  4026 | D:4      | Learned a level 3 spell: Mephitic Cloud
  4397 | D:4      | Found a basalt altar of Yredelemnul.
  4397 | D:4      | Found an opulent altar of Gozag.
  4406 | D:4      | Reached skill level 1 in Evocations
  4485 | D:4      | Found a hide-covered altar of Uskayaw.
  4485 | D:4      | Found a hazy altar of Hepliaklqana.
  4485 | D:4      | Found a snail-covered altar of Cheibriados.
  4939 | D:5      | Entered Level 5 of the Dungeon
  4949 | D:5      | Reached XP level 7. HP: 57/57 MP: 12/12
  4959 | D:5      | Found a staircase to the Ecumenical Temple.
  4983 | D:5      | Reached skill level 6 in Poison Magic
  4984 | D:5      | Reached skill level 1 in Short Blades
  4991 | D:5      | Reached skill level 5 in Stealth
  5373 | D:5      | HP: 1/57 [gnoll/+0 whip (9)]
  5378 | D:6      | Slain by a gnoll

Skill      XL: |  1  2  3  4  5  6  7 |
---------------+----------------------+-----
Poison Magic   | 5 6 |  6.2
Throwing       | 1 |  1.9
Spellcasting   | 3 |  3.9
Stealth        | 4 5 |  5.1
Armour         | 1 |  1.0
Fighting       | 1 |  1.0
Dodging        | 2 |  2.4
Conjurations   | 2 |  2.5
Evocations     | 1 |  1.6
Short Blades   | 1 |  1.5

Action                   |  1- 3 |  4- 6 |  7- 9 || total
-------------------------+-------+-------+-------++-------
Melee: Dagger            |     6 |       |       ||     6
       Short sword       |    12 |    33 |     9 ||    54
 Fire: Blowgun           |    13 |    41 |     5 ||    59
Throw: Stone             |     4 |       |       ||     4
 Cast: Sting             |    59 |    72 |    33 ||   164
       Poisonous Vapours |       |     2 |       ||     2
       Mephitic Cloud    |       |     1 |       ||     1
       Olgreb's Toxic Ra |       |     1 |       ||     1
Invok: Heroism           |       |     1 |       ||     1
Evoke: Wand              |       |       |     1 ||     1
  Use: Scroll            |     2 |     5 |       ||     7
       Potion            |       |     5 |     2 ||     7
  Eat: Chunk             |     2 |     3 |     1 ||     6
       Ration            |       |     2 |       ||     2
Armor: Robe              |     1 |    16 |     7 ||    24
       Leather armour    |     7 |    13 |       ||    20
Dodge: Dodged            |    30 |    47 |    28 ||   105
